 Dungeon Crawl Stone Soup version 0.30-a0-920-g7493c07aab (webtiles) character file.

Game seed: 7750186291931644639

479 qeuew the Shield-Bearer (level 7, -1/55 HPs)
             Began as a Formicid Fighter on Mar 21, 2023.
             Was an Initiate of Gozag.
             Slain by an orc warrior
             ... wielding a +1 halberd of venom
              (16 damage)
             ... on level 4 of the Dungeon.
             The game lasted 00:05:40 (3901 turns).

qeuew the Shield-Bearer (Formicid Fighter)          Turns: 3901, Time: 00:05:41

Health: -1/55      AC: 10    Str: 22    XL:     7   Next: 33%
Magic:  7/7        EV:  9    Int:  8    God:    Gozag
Gold:   193        SH:  5    Dex: 13    Spells: 6/6 levels left

rFire   . . .      SeeInvis +    a - +0 trident
rCold   . . .      Faith    .    c - +0 buckler
rNeg    . . .      Spirit   .    b - +1 scale mail
rPois   .          Reflect  .    (helmet unavailable)
rElec   .          Rampage  .    (no cloak)
rCorr   .                        f - +1 pair of gloves
Will    +....                    (no boots) Stlth
                                 (no amulet)
HPRegen 0.29/turn                k - ring of willpower
MPRegen 0.10/turn                (no ring)

@: mighty
A: permanent stasis, dig shafts and tunnels, antennae 3, four strong arms
a: Dig, Shaft Self, Renounce Religion, Potion Petition, Call Merchant, Bribe
Branch


You were on level 4 of the Dungeon.
You worshipped Gozag.
Gozag was aware of your devotion.
You visited 2 branches of the dungeon, and saw 5 of its levels.
You also visited: Sewer.

You collected 260 gold pieces.
You paid 67 gold pieces to Gozag.

Inventory:

Hand Weapons
 a - a +0 trident (weapon)
Missiles
 r - a throwing net
Armour
 b - a +1 scale mail (worn)
 c - a +0 buckler (worn)
 f - a +1 pair of gloves (worn)
Jewellery
 k - a ring of willpower (left hand)
 o - a ring of protection from fire
Wands
 h - a wand of digging (4)
Scrolls
 g - a scroll of fear
 l - a scroll of blinking {unknown}
 p - 2 scrolls of brand weapon {unknown}
Potions
 d - 2 potions of might
 e - 2 potions of mutation {unknown}
 i - a potion of resistance
 j - a potion of curing
 m - a potion of attraction {unknown}
 n - a potion of brilliance {unknown}
 q - a potion of magic {unknown}


   Skills:
 + Level 4.5 Fighting
 * Level 4.4 Polearms
 * Level 5.3 Armour
 + Level 5.4 Shields
 + Level 1.8 Evocations


You had 6 spell levels left.
You didn't know any spells.
Your spell library contained the following spells:

 Spells                   Type           Power      Damage    Failure   Level
 Necrotise                Necr           0%         1d4       78%         1
 Gell's Gravitas          Tloc           0%         N/A       98%         3
 Kindle Blastsparks       Fire/Tloc/Air  0%         2d10      98%         3
 Teleport Other           Tloc           0%         N/A       98%         3
 Vampiric Draining        Necr           0%         2d6       98%         3
 Fulminant Prism          Conj/Hex       0%         3d5       100%        4
 Iskenderun's Mystic Bla  Conj/Tloc      0%         2d3       100%        4
 Agony                    Necr           0%         N/A       100%        5
 Lee's Rapid Deconstruct  Erth           0%         3d4*      100%        5
 Dispersal                Tloc           0%         N/A       100%        6


Dungeon Overview and Level Annotations

Branches:
Dungeon (4/15)             Temple (1/1) D:4           Sewer (visited)

Altars:
Cheibriados
Dithmenos
Elyvilon
Fedhas
Gozag
Hepliaklqana
Kikubaaqudgha
Makhleb
Qazlal
Sif Muna
Trog
Wu Jian
Xom
Yredelemnul
Zin
The Shining One

Annotations:
D:2 1 runed translucent door, Crazy Yiuf
D:4 3 runed translucent doors, cforsyth's ghost, novice HuFi; deadpool521's ghost, amateur MiFi; hikkokomori's ghost, amateur MfGl; jejorda2's ghost, amateur MfBe


Innate Abilities, Weirdness & Mutations

You cannot be hasted, slowed, berserked, paralysed or teleported.
You can dig through walls and to a lower floor.
You have a pair of large antennae on your head. (SInv)
Your four strong arms can wield two-handed weapons with a shield.


Message History

The orc warrior is moderately wounded.
You feel sick.
The orc warrior hits you from afar with a +1 halberd of venom!
You are more poisoned.
You reach to attack!
You hit the orc warrior but do no damage.
The orc warrior is moderately wounded.
You feel very sick. The orc warrior completely misses you.
You reach to attack!
You hit the orc warrior but do no damage.
The orc warrior is moderately wounded.
You feel very sick. The orc warrior closely misses you.
You are too injured to fight recklessly!
You are too injured to fight recklessly!
You are too injured to fight recklessly!
You are too injured to fight recklessly!
You are too injured to fight recklessly!
You are too injured to fight recklessly!
You are too injured to fight recklessly!
Unknown command.
You feel very mighty all of a sudden.
You feel sick.
The orc warrior hits you but does no damage.
You are more poisoned.
You feel better. The orc warrior completely misses you.
The orc warrior hits you with a +1 halberd of venom!
You are lethally poisoned!
You barely miss the orc warrior.
The orc warrior is moderately wounded.
* * * LOW HITPOINT WARNING * * *
You feel extremely sick.
The orc warrior hits you with a +1 halberd of venom.
* * * LOW HITPOINT WARNING * * *
You are more poisoned.
You feel better.
The orc warrior hits you with a +1 halberd of venom!
You die...
Your body crumbles into a pile of gold.

..#####.........## ..#
#.#..............# ..##
#.#.#.##########.##...#
#...#..###.#..##.....#
###.##...##.##.#....# #
#..##..#.#.##.....#
###..# #...#.###...##
.#...###..#.(..#..##
#)....##.8..#.##@##
#.#..##.(.8.####o#
#...##.....## #.#
###.####.#######..
###....[..........
...<..)[....####...
..........### ##..
##........## #..
####......#


You could see an orc warrior.

Vanquished Creatures
  An ice beast (D:3)
  Pargi (Sewer)
  2 orc priests
  Jessica (D:2)
  2 orc wizards (D:4)
  5 adders
  A dart slug (D:2)
  11 orcs
  8 ball pythons
  8 endoplasms
  11 giant cockroaches
  5 hobgoblins
  5 jackals (D:1)
  5 kobolds
  5 quokkas
  5 bats
  10 frilled lizards
  8 goblins
  8 rats
102 creatures vanquished.

Notes
Turn   | Place    | Note
-------+----------+-------------------------------------------
     0 | D:1      | qeuew the Formicid Fighter began the quest for the Orb.
     0 | D:1      | Reached XP level 1. HP: 18/18 MP: 1/1
   197 | D:1      | Reached XP level 2. HP: 20/24 MP: 2/2
   479 | D:1      | Reached XP level 3. HP: 29/29 MP: 3/3
   993 | D:2      | Reached XP level 4. HP: 36/36 MP: 4/4
  1538 | D:2      | Noticed Jessica
  1544 | D:2      | Killed Jessica
  1545 | D:2      | Reached XP level 5. HP: 29/42 MP: 5/5
  1752 | D:2      | Found a runed translucent door.
  1753 | D:2      | Noticed Crazy Yiuf
  2021 | D:3      | Noticed an ice beast
  2035 | D:3      | Killed an ice beast
  2036 | D:3      | Reached skill level 5 in Shields
  2036 | D:3      | Reached skill level 1 in Evocations
  2036 | D:3      | Reached XP level 6. HP: 32/48 MP: 6/6
  2295 | D:3      | Found a faded altar of an unknown god.
  2530 | D:4      | Reached skill level 5 in Armour
  2655 | D:4      | Found an ornate altar of the Wu Jian Council.
  2726 | D:4      | Found a glowing drain.
  2745 | Sewer    | Entered a sewer
  2878 | Sewer    | Noticed Pargi
  2895 | Sewer    | Killed Pargi
  2896 | Sewer    | Reached XP level 7. HP: 45/55 MP: 7/7
  3099 | D:4      | Found a staircase to the Ecumenical Temple.
  3107 | Temple   | Entered the Ecumenical Temple
  3155 | Temple   | Became a worshipper of Gozag Ym Sagoz the Greedy
  3559 | D:4      | Found a runed translucent gate.
  3559 | D:4      | Found a runed translucent gate.
  3559 | D:4      | Found a runed translucent gate.
  3559 | D:4      | Noticed hikkokomori's ghost (amateur MfGl)
  3559 | D:4      | Noticed deadpool521's ghost (amateur MiFi)
  3560 | D:4      | Noticed jejorda2's ghost (amateur MfBe)
  3560 | D:4      | Noticed cforsyth's ghost (novice HuFi)
  3579 | D:4      | Found a shimmering blue altar of Sif Muna.
  3621 | D:4      | Found a basalt altar of Yredelemnul.
  3901 | D:4      | Slain by an orc warrior

Illustrated notes

Levels and vault maps discovered:
D:1:      minmay_arrival_shattered_statue, layout_basic, nicolae_eternal_life
D:2:      layout_loops_ring, minmay_misc_feat_iff, uniq_crazy_yiuf_cottage,
          uniq_jessica
D:3:      layout_rooms, chequers_ecumenical_altar_simple,
          nicolae_concentric_dashed_squares_mild, minivault_19
D:4:      layout_layer_cave, old_standard_altar,
          mainiacjoe_overflow_cross_hatched,
          nicolae_wu_jian_immortal_techniques, temple_fountains,
          gup_sewer_entry_pipe, gammafunk_ghost_cemetery,
          guppyfry_early_orc_mine
Temple:   nicolae_temple_ecumenical_triangle

Skill      XL: |  1  2  3  4  5  6 |
---------------+-------------------+-----
Armour         | 4 5 |  5.3
Polearms       | 3 4 |  4.4
Fighting       | 4 |  4.5
Shields        | 5 |  5.4
Evocations     | 1 |  1.8

Action                     |  1- 3 |  4- 6 |  7- 9 || total
---------------------------+-------+-------+-------++-------
  Melee: Trident           |   100 |   241 |    64 ||   405
    Use: Scroll            |     4 |     3 |       ||     7
         Potion            |     1 |     2 |     3 ||     6
 Armour: Scale mail        |    39 |    98 |    21 ||   158
  Dodge: Dodged            |    41 |   111 |    17 ||   169
  Block: Buckler           |    13 |    73 |    12 ||    98

Table legend: (Time is in decaauts)
 A = Elapsed time spent in this place.
 B = Non-inter-level travel time spent in this place.
 C = Inter-level travel time spent in this place.
 D = Time resting spent in this place.
 E = Time spent auto-exploring this place.
 F = Levels seen in this place.
 G = Mean time per level.
                   A        B        C        D        E       F      G
               +--------+--------+--------+--------+--------+-----+--------+
         Total |   4016 |   3851 |    165 |      0 |   2960 |   6 |  669.3 |
       Dungeon |   3635 |   3487 |    148 |      0 |   2746 |   4 |  908.8 |
        Temple |     67 |     50 |     17 |      0 |     19 |   1 |   67.0 |
         Sewer |    313 |    313 |      0 |      0 |    194 |   1 |  313.0 |
               +--------+--------+--------+--------+--------+-----+--------+

Top non-repeatable levels by time:
     D:4: 1099 daAuts
     D:1: 957 daAuts
     D:2: 933 daAuts
     D:3: 644 daAuts
   Sewer: 313 daAuts
  Temple: 67 daAuts
